 Dungeon Crawl Stone Soup version 0.30-b1-2-g02819fbbbe (webtiles) character file.

Game seed: 18066821694572561755

54 MisterFreud the Ducker (level 3, -4/25 HPs)
             Began as a Felid Berserker on Aug 3, 2023.
             Was a Believer of Trog.
             Slain by a gnoll
             ... wielding a +0 halberd
              (5 damage)
             ... on level 2 of the Dungeon.
             The game lasted 00:02:10 (1203 turns).

MisterFreud the Ducker (Felid Berserker)            Turns: 1203, Time: 00:02:11

Health: -4/25      AC: 21    Str: 13    XL:     3   Next: 66%
Magic:  4/4        EV:  4    Int:  8    God:    Trog [**....]
Gold:   79         SH:  0    Dex: 17    Spells: 2/2 levels left
                                        Lives:  0   Deaths: 0

rFire   . .          .
                       - Unarmed
rCold   . . .        (shield unavailable)
rNeg    . . .        (body armour unavailable)
rPois   +            (helmet unavailable)
rElec   .            (cloak unavailable)
rCorr   .            (gloves unavailable)
SInv    +            (boots unavailable)
Will    .....        (no amulet)
Stlth   +++          (no ring)
HPRegen 0.24/turn    (no ring)
MPRegen 0.09/turn

%: no passive effects
@: tree-form, on berserk cooldown, slowed, very slow
A: stationary, stasis, torment immunity, boosted hp, very small, (claws 1),
(fangs 3), see invisible, (speed 1), (shaggy fur 1), (stealthy paws), no weapons
or thrown items, no armour, multi-lived
a: Renounce Religion, Berserk, Trog's Hand


You were on level 2 of the Dungeon.
You worshipped Trog.
Trog was pleased with you.
You were a tree.
You visited 1 branch of the dungeon, and saw 2 of its levels.

You collected 79 gold pieces.

Inventory:

Jewellery
 b - a ring of flight
Scrolls
 a - a scroll of identify
Potions
 c - a potion of berserk rage
 d - a potion of lignification


   Skills:
 - Level 3.0 Fighting
 - Level 4.0 Dodging
 + Level 3.4 Stealth
 + Level 3.9 Unarmed Combat


You had 2 spell levels left.
You didn't know any spells.
Your spell library was empty.

Dungeon Overview and Level Annotations

Branches:
Dungeon (2/15)

Altars:
Cheibriados
The Shining One

Shops:
D:1 [

Annotations:
D:2 Robin


Innate Abilities, Weirdness & Mutations

You are a tree.
Your roots penetrate the ground, keeping you stationary.
You cannot be teleported.
You are immune to unholy pain and torment.
Your maximum health is greatly increased.
((You have sharp claws.))
((You have razor-sharp teeth.))
You have supernaturally acute eyesight. (SInv)
((You cover ground quickly. (Speed+)))
((You are covered in fur. (AC +1)))
((Your paws help you pounce on unaware monsters.))
You are incapable of wielding weapons or throwing items.
You cannot wear armour.
You gain extra lives every three experience levels.


Message History

You kill the ball python!
Trog accepts your kill. The gnoll hits you but does no damage.
Robin of the Strong Arm comes into view.
They are wielding a +0 club.
The goblin hits something with a +0 dagger.
The goblin hits you but does no damage.
The quokka bites you but does no damage.
The gnoll hits you from afar with a +0 halberd.
* * * LOW HITPOINT WARNING * * *
The goblin barely misses you.
The goblin hits something with a +0 dagger.
Unknown command.
Unknown command.
Unknown command.
You hit the quokka.
You kill the quokka!
Trog accepts your kill.
You can now call upon Trog for regeneration and willpower.
Robin throws the goblin at you! The goblin hits you but does no damage.
A goblin comes into view. It is wielding a +0 club.
The gnoll barely misses you.
You hit the goblin.
The goblin is moderately wounded.
A hobgoblin comes into view.
The goblin hits you but does no damage. The gnoll hits you but does no damage.
A goblin comes into view.
It is wielding a +0 dagger of electrocution.
Robin roars a battlecry!
The goblins go into a battle-frenzy!
The goblin hits you but does no damage. x2
The gnoll hits you from afar with a +0 halberd.
* * * LOW HITPOINT WARNING * * *
The goblin hits you but does no damage.
The hobgoblin shouts!
You hear a shout!
The goblin shouts!
You smack the goblin!
You kill the goblin!
Trog accepts your kill. The goblin barely misses you.
The gnoll hits you from afar with a +0 halberd.
You die...

♣.♣♣♣P♣.♣..†P♣#.##.#
#.##
♣P..♣.P.♣...P#.##.###†##
♣♣P..♣♣♣♣♣P#.........##
♣..♣♣.P♣P.P#####.######
.§♣♣♣♣..PPP♣.♣# #.# #
♣§§§...♣P..P.♣ #.# #
♣.♣..P.P..♣.P$♣ #.#
♣♣♣♣♣..♣..♣♣.♣ #.# ♣P
♣P.(♣..P♣ . ..# P
♣.♣..g)P..♣P. ###
P:.♣....gg..P♣♣
♣.P8..#.P.gP#
♣.♣.......♣.#
♣..P..#)..#P♣ #
.♣♣.......g.g.
♣♣P♣.(_!.P..#
.........♣.#


You could see a gnoll, a hobgoblin (strong) and 4 goblins.

Vanquished Creatures
  A gnoll (D:2)
  An adder (D:2)
  2 dart slugs (D:1)
  2 endoplasms (D:1)
  A giant cockroach (D:2)
  6 goblins
  3 hobgoblins
  4 quokkas
  4 ball pythons
  4 bats
  A kobold (D:2)
  A rat (D:2)
30 creatures vanquished.

Vanquished Creatures (others)
  3 plants (D:2)
3 creatures vanquished.

Grand Total: 33 creatures vanquished

Notes
Turn   | Place    | Note
-------+----------+-------------------------------------------
     0 | D:1      | MisterFreud the Felid Berserker began the quest for the
                  | Orb.
     0 | D:1      | Reached XP level 1. HP: 10/10 MP: 2/2
    61 | D:1      | Found Medu's Armour Boutique.
    72 | D:1      | Reached skill level 1 in Stealth
   194 | D:1      | Reached XP level 2. HP: 14/14 MP: 3/3
   830 | D:2      | Reached XP level 3. HP: 17/17 MP: 4/4
   881 | D:2      | Found a snail-covered altar of Cheibriados.
  1169 | D:2      | Reached ** piety under Trog
  1183 | D:2      | Found a glowing golden altar of the Shining One.
  1193 | D:2      | HP: 1/25 [gnoll/+0 halberd (11)]
  1200 | D:2      | Noticed Robin
  1202 | D:2      | HP: 1/25 [gnoll/+0 halberd (2)]
  1203 | D:2      | Slain by a gnoll

Illustrated notes

Levels and vault maps discovered:
D:1:      minmay_arrival_glassed_features, layout_basic, serial_shops,
          nicolae_shop_tiny_glass
D:2:      wad_woods_stonehenge, layout_loops_corners, basic_altar, uniq_terence,
          uniq_robin

Skill      XL: |  1  2  3 |
---------------+----------+-----
Stealth        | 1 2 3 |  3.4
Fighting       | |  3.0
Dodging        | |  4.0
Unarmed Combat | |  3.9

Action                     || total
---------------------------++-------
  Melee: Unarmed           ||    62
         Bite              ||     5
         Punch             ||     1
 Invoke: Berserk           ||     1
    Use: Scroll            ||     4
         Potion            ||     1
   Stab: Sleeping          ||     7
         Distracted        ||     1
 Armour: Skin              ||    15
  Dodge: Dodged            ||    54
